 Dungeon Crawl Stone Soup version 0.28.0-53-g5a82cb258f (webtiles) character file.

Game seed: 2146844852219701110

13032 olmar the Basher (level 12, 0/66 HPs)
             Began as a Gargoyle Fighter on June 27, 2022.
             Was a Priest of Ru.
             Slain by a white ugly thing (10 damage)
             ... in an ice cave on July 28, 2022.
             The game lasted 00:27:20 (13921 turns).

olmar the Basher (Gargoyle Fighter)                Turns: 13921, Time: 00:27:20

Health: 0/66       AC: 26    Str: 25    XL:     12   Next: 1%
Magic:  12/12      EV:  7    Int:  9    God:    Ru [***...]
Gold:   717        SH:  6    Dex: 15    Spells: 11/11 levels left

rFire   . . .      SeeInvis .   m - +2 demon whip (venom)
rCold   + . .      Faith    .   c - +0 buckler
rNeg    + + .      Spirit   .   r - +0 plate armour
rPois   ∞          Reflect  .   o - +2 hat
rElec   +          Harm     .   (no cloak)
rCorr   .          Rampage  .   (no gloves)
Will    +++..      Clarity  +   (no boots)
Stlth   ..........              A - amulet of the Four Winds {rN+ Will+++ Clar}
HPRegen 0.21/turn               F - ring of protection from cold
MPRegen 0.13/turn               z - +6 ring of dexterity

@: about to teleport, on berserk cooldown, slowed, very slow
A: sickness immunity, AC +8, negative energy resistance 1, electricity
resistance, torment resistance 1, petrification resistance, no stealth,
inability to use devices
a: Renounce Religion, Draw Out Power


You were in an ice cave.
You worshipped Ru.
Ru was most pleased with you.
You visited 2 branches of the dungeon, and saw 11 of its levels.
You also visited: Ice Cave.

You collected 717 gold pieces.

Inventory:

Hand Weapons
 a - a +1 flail
 e - a +0 vorpal flail
 m - a +2 demon whip of venom (weapon)
 q - a +5 flail
 v - the +2 arbalest of a bazaar {vorpal, rC+ Int+4 SInv}
   (You found it on level 3 of the Dungeon)

   Any ammunition fired from it inflicts extra damage upon your enemies.
   Int:       It affects your intelligence (+4).
   rC:        It protects you from cold.
   SInv:      It lets you see invisible.
 J - a +0 whip of pain
Armour
 b - a +0 scale mail
 c - a +0 buckler (worn)
 o - a +2 hat (worn)
 r - a +0 plate armour (worn)
 w - a +1 chain mail
 E - the +0 scale mail "Jasiy" {rC- MP+9 Str+3}
   (You found it on level 6 of the Dungeon)

   Str:       It affects your strength (+3).
   rC:        It makes you vulnerable to cold.
   MP:        It affects your magic capacity (+9).
Jewellery
 d - a ring of fire
 z - a +6 ring of dexterity (right hand)
 A - the amulet of the Four Winds (around neck) {rN+ Will+++ Clar}
   (You found it on level 7 of the Dungeon)

   [amulet of nothing]

   rN:        It protects you from negative energy.
   Clar:      It protects you against confusion.
   Will:      It greatly increases your willpower.
 C - a ring of see invisible
 F - a ring of protection from cold (left hand)
 K - an amulet of reflection
Scrolls
 f - 2 scrolls of noise
 j - a scroll of amnesia
 u - 6 scrolls of identify
 x - 2 scrolls of enchant weapon
 y - a scroll of enchant armour
 B - 3 scrolls of vulnerability
 N - a scroll of teleportation
Potions
 g - a potion of magic
 h - a potion of degeneration {unknown}
 i - a potion of curing
 k - a potion of flight
 l - 3 potions of lignification
 n - a potion of cancellation
 p - a potion of berserk rage
 D - a potion of mutation {unknown}
 G - 2 potions of attraction
 I - a potion of ambrosia {unknown}
 M - a potion of brilliance {unknown}


   Skills:
 - Level 3.7 Fighting
 + Level 13.7 Maces & Flails
 + Level 0.3 Throwing
 + Level 12.2 Armour
 + Level 8.0 Shields


You had 11 spell levels left.
You didn't know any spells.
Your spell library contained the following spells:

 Spells                   Type           Power      Damage    Failure   Level
 Magic Dart               Conj           0%         1d3       99%         1
 Pain                     Necr           0%         1d4       99%         1
 Call Imp                 Summ           0%         N/A       100%        2
 Static Discharge         Conj/Air       0%         N/A       100%        2
 Confusing Touch          Hex            0%         N/A       100%        3
 Mephitic Cloud           Conj/Pois/Air  0%         N/A       100%        3
 Airstrike                Air            0%         N/A       100%        4
 Dispel Undead            Necr           0%         3d6       100%        4
 Fulminant Prism          Conj/Hex       0%         3d6       100%        4
 Iskenderun's Mystic Bla  Conj/Tloc      0%         2d3       100%        4
 Sticky Flame             Conj/Fire      0%         2d3       100%        4
 Summon Lightning Spire   Summ/Air       0%         N/A       100%        4
 Agony                    Necr           0%         N/A       100%        5
 Excruciating Wounds      Necr           0%         N/A       100%        5
 Lee's Rapid Deconstruct  Erth           0%         3d5*      100%        5
 Lightning Bolt           Conj/Air       0%         1d11      100%        5
 Yara's Violent Unravell  Hex/Tmut       0%         3d3       100%        5
 Enfeeble                 Hex            0%         N/A       100%        7
 Maxwell's Capacitive Co  Air            0%         ∞         100%        8


Dungeon Overview and Level Annotations

Branches:
Dungeon (9/15)             Temple (0/1) D:4            Lair (2/6) D:9
 Shoals (0/4) Lair:2        IceCv (1/1)
  Snake: Lair:2-4    Spider: Lair:2-4       Orc: D:9-12

Altars:
Cheibriados
Elyvilon
Fedhas
Hepliaklqana
Makhleb
Qazlal
Ru

Annotations:
IceCv 1 transporter, exclusion: 2 ice statues


Innate Abilities, Weirdness & Mutations

You are immune to sickness and miasma.
Your stone body is resilient. (AC +8)
You are immune to poison.
You resist negative energy. (rN+)
You are resistant to electric shocks. (rElec)
You are resistant to unholy torment.
You are immune to petrification.
You cannot be stealthy.
You cannot study or use magical devices.


Message History

The freezing blast engulfs the ice beast.
The ice beast completely resists.
You block the ice beast's attack.
The ice statue glitters chillingly in the dim dungeon light.
The ice statue gestures at you.
The bolt of cold misses the ice beast.
The bolt of cold hits you. You resist.
The ice statue gestures.
Unknown command.
Unknown command.
The ice statue glitters chillingly in the dim dungeon light.
You redirect the ice statue's attack!
The ice statue gestures at itself.
The freezing blast engulfs the ice statue.
The ice statue completely resists.
You block the white ugly thing's attack.
The ice beast hits you but does no damage.
Unknown command.
Unknown command.
Unknown command.
You barely miss the ice beast.
The ice statue begins to attack, but is stunned by your conviction!
You block the ice beast's attack. The white ugly thing trunk-slaps you.
The white ugly thing freezes you. You resist. You block the ice beast's attack.
Unknown command.
Unknown command.
As you read the scroll of teleportation, it crumbles to dust.
You feel strangely unstable. The ice beast hits you. The ice beast freezes you!
You resist.
You redirect the ice statue's attack!
The ice beast hits you but does no damage.
The white ugly thing trunk-slaps you but does no damage.
The ice beast hits you. The ice beast freezes you. You resist.
* * * LOW HITPOINT WARNING * * *
You block the ice beast's attack.
The ice statue gestures.
Unknown command.
Unknown command.
The white ugly thing trunk-slaps you.
* * * LOW HITPOINT WARNING * * *
The white ugly thing freezes you! You resist.
You die...

##### ####
####...### ##.©#
##........####8..#
##..........##8Y..#
##...........#8YY.8#
#.......8....#@u..°#
#...........8#...)}#
#.∩.∩....).©©#©..))#
#.........[.8#..Y((#
#.......8..:.#...☼.#
##...........#8.○○8#
##..........##8°☼○#
##........####8..#
####...### ##.∩#


You could see 2 ice statues, a white ugly thing and 4 ice beasts.

Vanquished Creatures
  Harold (D:8)
  A hydra (Lair:2)
  A catoblepas (Lair:2)
  A two-headed ogre (D:8)
  3 death yaks (D:8)
  A cyclops (D:6)
  An ugly thing (IceCv)
  A black mamba (Lair:1)
  Joseph (D:7)
  2 rime drakes
  2 komodo dragons (Lair:1)
  Sigmund (D:6)
  13 yaks
  A wyvern (Lair:1)
  A death yak simulacrum (IceCv)
  A steam dragon (D:9)
  9 water moccasins
  2 sky beasts (D:6)
  An ice beast (D:6)
  2 orc warriors
  2 black bears
  A necrophage (D:4)
  2 ogres
  5 centaurs
  A kobold brigand (D:7)
  8 bullfrogs
  2 scorpions
  A wyvern skeleton (D:7)
  7 wights (D:8)
  A howler monkey (D:7)
  4 electric eels (D:6)
  A bullfrog skeleton (D:6)
  2 bullfrog zombies
  A centaur zombie (D:7)
  A hound (D:6)
  2 gnoll shamans
  6 orc priests
  A centaur skeleton (D:6)
  An orc wizard (D:9)
  3 wolf simulacra (IceCv)
  A killer bee zombie (D:8)
  A hound skeleton (D:4)
  8 gnolls
  7 adders
  A shadow imp (D:6)
  A white imp (D:8)
  2 ufetubi
  2 worms
  5 dart slugs
  17 orcs
  6 bats
  10 endoplasms
  5 giant cockroaches
  7 goblins
  5 hobgoblins
  12 jackals
  3 quokkas
  2 ball pythons (D:4)
  4 frilled lizards
  9 kobolds
  8 rats
214 creatures vanquished.

Vanquished Creatures (others)
  A centaur (Lair:2)
  4 fungi (Lair:2)
5 creatures vanquished.

Grand Total: 219 creatures vanquished

Notes
Turn   | Place    | Note
-------+----------+-------------------------------------------
     0 | D:1      | olmar the Gargoyle Fighter began the quest for the Orb.
     0 | D:1      | Reached XP level 1. HP: 14/14 MP: 1/1
   353 | D:1      | Reached XP level 2. HP: 19/19 MP: 2/2
   944 | D:1      | Reached XP level 3. HP: 14/24 MP: 3/3
  1710 | D:2      | Found a sacrificial altar of Ru.
  1715 | D:2      | Became a worshipper of Ru the Awakened
  1938 | D:2      | Reached skill level 3 in Maces & Flails
  2117 | D:3      | Reached XP level 4. HP: 22/29 MP: 4/4
  3072 | D:3      | Reached XP level 5. HP: 26/33 MP: 5/5
  3078 | D:3      | Identified the +2 arbalest of a bazaar {vorpal, rC+ Int+4
                  | SInv}
  3378 | D:4      | Found a staircase to the Ecumenical Temple.
  3489 | D:4      | Found a large runed translucent door.
  3522 | D:4      | Found a large runed translucent door.
  3545 | D:4      | Noticed an ogre
  3556 | D:4      | Killed an ogre
  3557 | D:4      | Reached skill level 4 in Maces & Flails
  3625 | D:4      | Noticed a necrophage
  3636 | D:4      | Killed a necrophage
  3637 | D:4      | Reached XP level 6. HP: 33/38 MP: 6/6
  3718 | D:4      | Reached skill level 5 in Maces & Flails
  4038 | D:4      | Gained mutation: You cannot be stealthy. [Ru sacrifice]
  4266 | D:5      | Entered Level 5 of the Dungeon
  4382 | D:5      | Found a snail-covered altar of Cheibriados.
  4557 | D:5      | Found a burning altar of Makhleb.
  4790 | D:5      | Found a blossoming altar of Fedhas.
  4793 | D:5      | Found a stormy altar of Qazlal.
  4793 | D:5      | Found a white marble altar of Elyvilon.
  4802 | D:5      | Found a hazy altar of Hepliaklqana.
  4822 | D:5      | Reached XP level 7. HP: 42/42 MP: 7/7
  4933 | D:6      | Reached skill level 5 in Armour
  5069 | D:6      | Noticed a cyclops
  5428 | D:6      | Reached skill level 6 in Maces & Flails
  5618 | D:6      | Noticed Sigmund
  5679 | D:6      | Killed Sigmund
  5680 | D:6      | Reached XP level 8. HP: 18/48 MP: 8/8
  5824 | D:6      | Killed a cyclops
  5825 | D:6      | Reached skill level 7 in Maces & Flails
  5825 | D:6      | Reached skill level 1 in Evocations
  6066 | D:6      | Identified the +0 scale mail "Jasiy" {rC- MP+9 Str+3}
  6170 | D:6      | Reached skill level 8 in Maces & Flails
  6500 | D:6      | Reached skill level 5 in Shields
  6998 | D:6      | Reached XP level 9. HP: 37/52 MP: 9/9
  7405 | D:7      | Reached skill level 9 in Maces & Flails
  8016 | D:7      | Found the amulet of the Four Winds {rN+ Will+++ Clar}
  8054 | D:7      | Noticed Joseph
  8265 | D:7      | Killed Joseph
  9112 | D:8      | Noticed Harold
  9462 | D:8      | Reached skill level 10 in Maces & Flails
  9462 | D:8      | Reached XP level 10. HP: 54/56 MP: 10/10
  9559 | D:8      | Killed Harold
  9714 | D:8      | Noticed a two-headed ogre
  9721 | D:8      | Killed a two-headed ogre
  9722 | D:8      | Reached skill level 10 in Armour
  9865 | D:9      | Noticed a death yak
  9867 | D:9      | Noticed a death yak
  9869 | D:9      | Noticed a death yak
 10123 | D:8      | Reached skill level 11 in Maces & Flails
 10328 | D:8      | Killed a death yak
 10377 | D:8      | Gained mutation: You cannot study or use magical devices.
                  | [Ru sacrifice]
 10377 | D:8      | Reached * piety under Ru
 10377 | D:8      | Reached ** piety under Ru
 10377 | D:8      | Reached *** piety under Ru
 10693 | D:8      | Killed a death yak
 10694 | D:8      | Reached XP level 11. HP: 42/60 MP: 11/11
 10953 | D:9      | Noticed a seven-headed hydra
 10999 | D:8      | Killed a death yak
 11000 | D:8      | Reached skill level 12 in Maces & Flails
 11439 | D:9      | Found a staircase to the Lair.
 11502 | Lair:1   | Entered Level 1 of the Lair of Beasts
 12431 | Lair:1   | Reached skill level 13 in Maces & Flails
 12944 | Lair:2   | Identified a scroll of acquirement
 12944 | Lair:2   | Acquired a +2 demon whip of venom
 12998 | Lair:2   | Found a staircase to the Shoals.
 13002 | Lair:2   | Noticed a seven-headed hydra
 13013 | Lair:2   | Killed a seven-headed hydra
 13128 | Lair:2   | Noticed a catoblepas
 13144 | Lair:2   | Killed a catoblepas
 13418 | Lair:2   | Found a frozen archway.
 13483 | IceCv    | Entered an ice cave
 13483 | IceCv    | Noticed a white ugly thing
 13507 | IceCv    | Killed a white ugly thing
 13508 | IceCv    | Reached XP level 12. HP: 20/66 MP: 12/12
 13885 | IceCv    | Found a transporter.
 13908 | IceCv    | Found a transporter.
 13921 | IceCv    | Slain by a white ugly thing

Illustrated notes

Levels and vault maps discovered:
D:1:      minmay_arrival_loop, layout_basic
D:2:      layout_rooms, basic_altar, st_stairs_9
D:3:      minmay_octagon_keep, layout_loops_ring, minmay_misc_feat_four_crosses,
          hex_medium
D:4:      layout_gridville, jmf_multi_god_temple2, minmay_temple_entry_trees,
          serial_co_window_serial, co_window_corner_a, co_window_corner_a,
          co_window_of_opportunity_a, co_window_corner_a,
          co_window_of_opportunity_a, co_window_broadway_c,
          co_window_broadway_b, co_window_corner_b, co_window_broadway_a,
          glass_columns_a, glass_columns_a
D:5:      layout_rooms, cheibrodos_worm_habitat,
          nicolae_overflow_hallway_of_the_gods, grunt_decor_clamped
D:6:      minmay_diamond_boxcup, layout_cave_pools, minmay_misc_feat_five,
          kennysheep_boxes, uniq_sigmund
D:7:      layout_loops_ring, uniq_joseph
D:8:      layout_loops_ring, uniq_harold
D:9:      layout_cave_pools, dpeg_lair_monsters, glass_columns_c
Lair:1:   layout_small_grid
Lair:2:   layout_misc_corridors, minmay_shoals_entry_centaurs,
          portal_ice_cave_entry_pillars_2, grunt_megastairs_1
IceCv:    ice_cave_statue_garden_transporter

Skill      XL: |  1  2  3  4  5  6  7  8  9 10 11 |
---------------+----------------------------------+-----
Maces & Flails | 3 4 5 6 8 10 11 13 | 13.7
Armour         | 4 5 7 9 10 12 | 12.2
Shields        | 4 5 6 8 |  8.0
Evocations     | 1 2 0 |  0.0
Fighting       | |  3.7
Throwing       | |  0.3

Action                   |  1- 3 |  4- 6 |  7- 9 | 10-12 || total
-------------------------+-------+-------+-------+-------++-------
Melee: Flail             |   119 |   150 |   288 |   294 ||   851
       Demon whip        |       |       |       |    83 ||    83
Throw: Throwing net      |       |       |       |     1 ||     1
Invok: Sacrifice Stealth |       |     1 |       |       ||     1
       Draw Out Power    |       |       |       |     3 ||     3
       Sacrifice Artific |       |       |       |     1 ||     1
Evoke: Wand              |       |     3 |    14 |     3 ||    20
  Use: Potion            |     1 |       |     2 |     8 ||    11
       Scroll            |       |       |     7 |     9 ||    16
 Stab: Paralysed         |       |     2 |    14 |    13 ||    29
       Distracted        |       |       |       |     3 ||     3
Armor: Scale mail        |    74 |    70 |       |       ||   144
       Chain mail        |       |    29 |   177 |    48 ||   254
       Plate armour      |       |       |       |   138 ||   138
       Skin              |       |       |       |     1 ||     1
Dodge: Dodged            |    63 |    61 |   116 |   103 ||   343
Block: Buckler           |    19 |    37 |    71 |    97 ||   224
